Map: 2000 Atmospheres LE

Players

Zest

  • Race: Protoss Protoss

Neeb - Winner!

  • Race: Protoss Protoss

Event: DreamHack SC2 Masters 2021 Winter

VOD

Have the link to the VOD?

Description

Time

  • Played on: Nov. 10, 2021, 9:16 a.m.
  • Length: 12:17

All games in this series

Show
View Real Time Build Order
Export as new Build Order

Zest Protoss 

Build Orders: Oracle Opening, Phoenix Opening 

Get SALT Encoding   

  12  0:00  Probe  
  13  0:12  Probe  
  14  0:17  Pylon  
  14  0:24  Probe (Chrono Boost)  
  15  0:36  Gateway, Probe (Chrono Boost)  
  16  0:45  Probe (Chrono Boost)  
  16  0:46  Assimilator  
  17  0:51  Probe  
  18  1:03  Probe (Chrono Boost)  
  19  1:04  Assimilator  
  19  1:08  Gateway  
  19  1:13  Probe (Chrono Boost)  
  19  1:17  Probe (Chrono Boost)  
  20  1:23  Cybernetics Core  
  21  1:29  Probe  
  22  1:36  Pylon  
  22  1:41  Probe  
  23  1:54  Probe  
  23  2:00  Adept x2, Warp Gate (Chrono Boost)  
  28  2:05  Pylon  
  28  2:17  Stargate  
  28  2:30  Adept x2  
  32  2:58  Nexus  
  32  3:01  Oracle (Chrono Boost)  
  33  3:16  Shield Battery  
  31  3:27  Pylon  
  34  3:38  Probe  
  33  3:46  Stalker x2  
  35  3:50  Phoenix  
  35  3:53  Probe  
  35  4:10  Probe  
  35  4:14  Stalker x2  
  40  4:19  Probe  
  41  4:25  Probe  
  41  4:28  Shield Battery  
  42  4:34  Probe  
  43  4:39  Stalker x2  
  43  4:40  Probe  
  48  4:46  Probe  
  48  4:52  Twilight Council, Probe  
  50  4:58  Probe (Chrono Boost)  
  51  5:05  Probe (Chrono Boost)  
  52  5:10  Sentry  
  52  5:11  Stalker, Probe (Chrono Boost)  
  57  5:16  Probe (Chrono Boost)  
  57  5:18  Pylon  
  57  5:19  Probe (Chrono Boost)  
  59  5:21  Probe (Chrono Boost)  
  59  5:25  Blink (Chrono Boost), Probe, Pylon  
  59  5:27  Assimilator  
  61  5:33  Probe  
  62  5:37  Probe  
  62  5:38  Sentry  
  65  5:44  Gateway  
  65  5:47  Forge  
  65  5:57  Sentry  
  65  6:02  Pylon  
  67  6:05  Nexus  
  67  6:08  Stalker  
  67  6:10  Probe  
  69  6:11  Probe  
  70  6:20  Shield Battery  
  70  6:22  Probe  
  70  6:24  Probe  
  72  6:30  Protoss Ground Weapons Level 1 (Chrono Boost)  
  72  6:35  Stalker x2  
  76  6:42  Probe  
  76  6:43  Probe  
  78  6:49  Assimilator  
  78  6:54  Probe  
  78  6:55  Probe  
  80  7:02  Robotics Facility  
  80  7:07  Photon Cannon, Probe  
  81  7:08  Shield Battery  
  81  7:10  Assimilator, Probe  
  81  7:11  Stalker  
  81  7:12  Stalker  
  85  7:16  Stalker  
  85  7:19  Probe x2  
  85  7:22  Probe  
  90  7:30  Gateway x2  
  90  7:31  Probe  
  90  7:33  Probe  
  90  7:34  Probe  
  93  7:37  Stalker x2  
  93  7:40  Stalker  
  93  7:42  Pylon  
  99  7:45  Probe x2  
  99  7:50  Pylon  
  101  7:54  Pylon  
  101  8:00  Probe x3  
  101  8:05  Pylon  
  104  8:06  Assimilator  
  104  8:07  Robotics Facility  
  104  8:09  Robotics Bay  
  104  8:10  Observer (Chrono Boost)  
  105  8:13  Probe  
  105  8:14  Photon Cannon  
  105  8:16  Pylon  
  105  8:19  Protoss Ground Weapons Level 2 (Chrono Boost)  
  106  8:30  Charge (Chrono Boost)  
  106  8:34  Gateway  
  106  8:35  Gateway  
  106  8:37  Observer (Chrono Boost)  
  107  8:51  Shield Battery  
  107  8:52  Stalker x2  
  107  8:55  Disruptor  
  109  8:56  Disruptor  
  109  8:58  Pylon  
  115  9:13  Observer  
  115  9:23  Photon Cannon  
  115  9:24  Pylon  
  115  9:27  Disruptor (Chrono Boost)  
  115  9:29  Disruptor (Chrono Boost)  
  118  9:31  Nexus  
  121  9:40  Observer  
  121  9:47  Photon Cannon  
  121  9:48  Photon Cannon, Shield Battery  
  121  9:51  Pylon  
  121  9:57  Disruptor (Chrono Boost)  
  127  10:03  Disruptor (Chrono Boost)  
  126  10:09  Stalker  
  126  10:10  Stalker x6  
  140  10:14  Shield Battery  
  140  10:16  Shield Battery  
  118  10:40  Stalker x7  
  81  11:04  Stalker x2  
  81  11:05  Stalker x5  
  81  11:09  Disruptor x2 (Chrono Boost)  
  85  11:31  Stalker x7  
  99  11:37  Disruptor (Chrono Boost)  
  91  11:54  Stalker  
  91  11:55  Stalker x3  
  89  12:07  Stalker x3  
Show
View Real Time Build Order
Export as new Build Order

Neeb Protoss - Winner!

Build Orders: Oracle Opening 

Get SALT Encoding   

  12  0:00  Probe  
  13  0:12  Probe  
  14  0:18  Pylon  
  14  0:24  Probe  
  15  0:37  Probe (Chrono Boost)  
  15  0:39  Gateway  
  16  0:46  Probe (Chrono Boost)  
  16  0:47  Assimilator  
  17  0:51  Probe (Chrono Boost)  
  17  0:55  Assimilator  
  18  1:03  Probe (Chrono Boost)  
  19  1:08  Gateway  
  19  1:13  Probe (Chrono Boost)  
  19  1:18  Probe (Chrono Boost)  
  21  1:26  Cybernetics Core  
  21  1:30  Probe  
  22  1:37  Pylon  
  22  1:42  Probe  
  23  1:55  Probe  
  24  2:02  Stalker  
  24  2:04  Stalker  
  24  2:07  Warp Gate  
  28  2:16  Pylon  
  29  2:28  Stargate  
  28  2:39  Stalker  
  28  2:40  Stalker  
  28  2:43  Probe  
  33  3:09  Oracle (Chrono Boost)  
  35  3:23  Nexus  
  35  3:30  Probe  
  35  3:42  Probe (Chrono Boost)  
  34  3:50  Twilight Council  
  34  3:54  Probe (Chrono Boost)  
  35  3:59  Probe (Chrono Boost)  
  35  4:02  Pylon  
  35  4:04  Phoenix  
  35  4:09  Probe  
  38  4:21  Probe  
  38  4:23  Blink (Chrono Boost)  
  39  4:33  Probe  
  39  4:34  Probe  
  39  4:37  Stalker  
  43  4:45  Probe  
  44  4:47  Probe  
  44  4:49  Sentry  
  47  4:57  Probe  
  47  4:59  Probe  
  49  5:09  Probe  
  49  5:11  Probe  
  51  5:16  Stalker x2  
  51  5:18  Forge  
  55  5:21  Probe  
  55  5:23  Probe  
  55  5:26  Pylon  
  57  5:33  Probe  
  57  5:35  Probe  
  59  5:42  Pylon  
  59  5:45  Probe  
  59  5:48  Nexus  
  60  5:50  Probe  
  60  5:53  Protoss Ground Weapons Level 1 (Chrono Boost)  
  61  5:57  Pylon  
  61  5:58  Probe  
  61  6:02  Stalker  
  64  6:07  Probe, Sentry  
  64  6:09  Assimilator  
  67  6:12  Probe  
  67  6:17  Shield Battery  
  68  6:19  Probe, Shield Battery  
  68  6:24  Probe  
  70  6:27  Stalker  
  70  6:32  Probe, Pylon  
  73  6:33  Stalker  
  73  6:36  Probe  
  73  6:38  Shield Battery  
  76  6:44  Probe  
  76  6:45  Charge  
  77  6:50  Pylon  
  77  6:52  Stalker, Probe  
  80  6:56  Probe (Chrono Boost)  
  80  7:00  Gateway  
  81  7:04  Gateway, Probe x2 (Chrono Boost)  
  84  7:08  Probe (Chrono Boost)  
  84  7:14  Probe x2 (Chrono Boost)  
  86  7:16  Robotics Facility, Probe (Chrono Boost)  
  86  7:19  Probe (Chrono Boost)  
  86  7:21  Probe  
  86  7:22  Stalker x2  
  92  7:24  Probe  
  94  7:30  Probe  
  94  7:33  Probe  
  94  7:36  Gateway  
  96  7:38  Gateway  
  96  7:40  Templar Archives  
  96  7:43  Pylon  
  96  7:44  Assimilator  
  96  7:45  Assimilator, Protoss Ground Weapons Level 2 (Chrono Boost)  
  96  7:48  Assimilator  
  96  7:50  Probe x3  
  99  7:51  Pylon  
  99  8:04  Probe x3  
  102  8:09  Zealot x4  
  110  8:15  Gateway  
  110  8:16  Observer, Gateway  
  111  8:20  Gateway  
  111  8:22  Gateway  
  111  8:28  Pylon  
  111  8:32  Pylon  
  111  8:35  Gateway  
  111  8:37  Gateway  
  111  8:48  Warp Prism  
  111  8:52  Nexus  
  111  8:55  High Templar  
  111  8:56  High Templar x3  
  111  8:59  Zealot x2  
  111  9:00  Archon  
  111  9:01  Archon  
  123  9:05  Pylon  
  123  9:07  Pylon  
  123  9:22  High Templar x3  
  123  9:24  Zealot x2, High Templar  
  131  9:27  Archon  
  131  9:30  Archon  
  131  9:31  Zealot x6  
  143  9:38  Pylon  
  147  9:43  Photon Cannon  
  147  9:55  High Templar x2  
  147  9:56  Zealot x9  
  147  9:59  Archon  
  169  10:02  Zealot  
  171  10:11  Pylon  
  171  10:12  Pylon  
  171  10:14  Photon Cannon  
  171  10:20  High Templar x2  
  175  10:22  Zealot x3  
  175  10:27  Archon  
  155  10:37  Zealot x5  
  155  10:38  Zealot x2  
  157  10:47  Zealot x3  
  127  10:58  Zealot x8  
  117  11:09  Stalker x4  
  123  11:23  Stalker  
  123  11:24  Stalker x4  
  129  11:35  Stalker x2  
  129  11:36  Stalker x3  
  135  11:46  Zealot x4  
  135  11:47  Zealot x2  
  129  11:55  Zealot  
  118  12:05  Zealot x5  
  118  12:08  Zealot  
  128  12:13  Zealot x2  

Tags
 
Add a new tag
Caveats
  • Supply blocks, unpowered buildings, or Contaminate may cause inaccurate times.
  • Supply counts are checked every 10 seconds.